 Dungeon Crawl Stone Soup version 0.22-a0-443-g17c3723 (webtiles) character file.

4275 jerryfan the Vexing (level 10, -6/76 HPs)
             Began as a Gnoll Arcane Marksman on May 31, 2018.
             Was a Believer of Makhleb.
             Killed by divine providence
             ... invoked by an orc priest
              (15 damage)
             ... on level 8 of the Dungeon.
             The game lasted 01:06:40 (8825 turns).

jerryfan the Vexing (Gnoll Arcane Marksman)         Turns: 8825, Time: 01:06:41

Health: -6/76      AC: 11    Str: 16    XL:     10   Next: 31%
Magic:  7/18       EV: 19    Int: 16    God:    Makhleb [**....]
Gold:   275        SH:  0    Dex: 18    Spells: 12/20 levels left

rFire    . . .     SeeInvis .   M - +3 quarterstaff (chaos)
rCold    . . .     Gourm    .   (shield currently unavailable)
rNeg     . . .     Faith    .   Y - +3 leather armour
rPois    .         Spirit   .   K - +1 helmet
rElec    .         Reflect  .   h - scarf {cloud immunity}
rCorr    .         Harm     .   V - +1 pair of gloves of the Lotus Blossom {*Slow +Fly Dex+3 Slay+6}
MR       .....                  (no boots)
Stlth    +++.......             (no amulet)
HPRegen  0.22/turn              n - +2 ring of evasion
MPRegen  0.16/turn              (no ring)

@: flying
A: distributed training, fangs 1, strong nose
a: Minor Destruction, Renounce Religion


You were on level 8 of the Dungeon.
You worshipped Makhleb.
Makhleb was pleased with you.
You were not hungry.

You visited 1 branch of the dungeon, and saw 8 of its levels.

You collected 476 gold pieces.
You spent 201 gold pieces at shops.

Inventory:

Hand Weapons
 a - a +0 shortbow
 q - a +0 short sword of speed
 C - a +0 hunting sling of freezing
 F - a +1 mace of venom
 M - a +3 quarterstaff of chaos (weapon)
Missiles
 c - 5 needles of sleeping
 d - 26 arrows
 p - 506 stones
 s - 2 poisoned tomahawks (quivered)
 x - a throwing net
 y - 47 sling bullets
 B - 40 bolts
 R - 2 tomahawks
 U - 3 needles of frenzy
Armour
 b - a +0 buckler
 e - a +0 robe
 h - a scarf of cloud immunity (worn)
 K - a +1 helmet (worn)
 V - the +1 pair of gloves of the Lotus Blossom (worn) {*Slow +Fly Dex+3 Slay+6}
   (You found it on level 6 of the Dungeon)

   It affects your dexterity (+3).
   It affects your accuracy and damage with ranged weapons and melee attacks
   (+6).
   It lets you fly.
   It may slow you when you take damage.
 X - a scarf of resistance
 Y - a +3 leather armour (worn)
Jewellery
 n - a +2 ring of evasion (left hand)
 t - an uncursed amulet of the acrobat {unknown}
 v - an uncursed amulet of the gourmand {unknown}
 P - a +4 ring of evasion
 W - an uncursed ring of magical power {unknown}
Wands
 o - a wand of flame (19)
 O - a wand of polymorph (8)
Scrolls
 j - a scroll of torment {unknown}
 r - a scroll of fog {unknown}
 z - a scroll of enchant weapon {unknown}
 A - a scroll of identify
 G - 2 scrolls of remove curse {unknown}
 H - a scroll of random uselessness {unknown}
 J - 2 scrolls of enchant armour
 L - 3 scrolls of amnesia
 Q - a scroll of immolation {unknown}
 T - 2 scrolls of noise {unknown}
Potions
 g - a potion of agility {unknown}
 i - 2 potions of heal wounds {unknown}
 l - 3 potions of curing
 m - 2 potions of brilliance {unknown}
 u - a potion of berserk rage {unknown}
 w - a potion of ambrosia {unknown}
 D - a potion of mutation {unknown}
 E - 2 potions of invisibility {unknown}
 I - a potion of flight
 S - a potion of degeneration {unknown}
 Z - a potion of haste {unknown}
Comestibles
 f - 6 rations
 N - 6 chunks of flesh


   Skills:
 + Level 5.7 Fighting
 + Level 5.0 Short Blades
 + Level 5.0 Long Blades
 + Level 5.0 Axes
 + Level 5.0 Maces & Flails
 + Level 5.0 Polearms
 + Level 5.0 Staves
 + Level 5.0 Slings
 + Level 6.9 Bows
 + Level 5.0 Crossbows
 + Level 5.0 Throwing
 + Level 5.0 Armour
 + Level 6.9 Dodging
 + Level 5.0 Stealth
 + Level 5.0 Shields
 + Level 5.0 Unarmed Combat
 + Level 5.8 Spellcasting
 + Level 4.2 Conjurations
 + Level 7.0 Hexes
 + Level 4.2 Charms
 + Level 4.2 Summonings
 + Level 4.2 Necromancy
 + Level 4.2 Translocations
 + Level 4.2 Transmutations
 + Level 4.2 Fire Magic
 + Level 4.2 Ice Magic
 + Level 4.2 Air Magic
 + Level 4.2 Earth Magic
 + Level 4.2 Poison Magic
 + Level 5.5 Invocations
 + Level 5.0 Evocations


You had 12 spell levels left.
You knew the following spells:

 Your Spells              Type           Power        Failure   Level  Hunger
a - Corona                Hex            ####...      1%          1    None
b - Inner Flame           Hex/Fire       ###.....     4%          3    ##.....
c - Slow                  Hex            ####....     1%          2    #......
d - Sticks to Snakes      Tmut           ###.....     4%          2    #......

Your spell library contained the following spells:

 Spells                   Type           Power        Failure   Level  Hunger
 Cause Fear               Hex            ####......   10%         4    ####...
 Confuse                  Hex            ####....     2%          3    ##.....
 Summon Horrible Things   Summ           ###.......   100%        8    #######
 Summon Greater Demon     Summ           ###.......   100%        7    #######
 Spider Form              Tmut/Pois      ###.......   9%          3    ##.....
 Blade Hands              Tmut           ###.......   63%         5    ######.
 Ice Form                 Ice/Tmut       ###.....     28%         4    ####...
 Confusing Touch          Hex            ####..       1%          1    None
 Metabolic Englaciation   Hex/Ice        ###.......   43%         5    ######.
 Portal Projectile        Hex/Tloc       ###...       4%          3    ##.....
 Monstrous Menagerie      Summ           ###.......   100%        7    #######
 Petrify                  Tmut/Erth      ###.....     28%         4    ####...
 Malign Gateway           Summ/Tloc      ###.......   100%        7    #######
 Leda's Liquefaction      Hex/Erth       ###.......   17%         4    ####...
 Beastly Appendage        Tmut           ###...       3%          1    None
 Gell's Gravitas          Tloc           ###.......   9%          3    ##.....
 Yara's Violent Unravell  Hex/Tmut       ###.......   43%         5    ######.


Dungeon Overview and Level Annotations

Branches:
Dungeon (8/15)             Temple (0/1) D:7
   Lair: D:8-11

Altars:
Ashenzari
Makhleb
Nemelex Xobeh
Okawaru
The Shining One

Shops:
D:4 }((


Innate Abilities, Weirdness & Mutations

Your experience applies equally to all skills.
You have very sharp teeth.
Your uncanny sense of smell can sniff out nearby items.


Message History

You fly up into the air.
The orc wizard gestures at you while chanting.
The magic dart hits you!
You see here a warg corpse.
Some of the chunks of flesh in your inventory have rotted away.
Press: ? - help, Shift-Dir - straight line, f - orc priest
Aim: an orc priest, wielding a hand axe The puff of flame hits the orc priest.
The orc priest is heavily wounded.
Press: ? - help, Shift-Dir - straight line, f/p - orc priest
Aim: an orc priest, wielding a hand axe (heavily wounded)
The orc priest writhes in agony!
The orc priest calls down the wrath of Beogh upon you.
You struggle to resist.
Press: ? - help, Shift-Dir - straight line, f/p - orc priest
Aim: an orc priest, wielding a hand axe (almost dead)
The puff of flame misses the orc priest.
The orc priest calls down the wrath of Beogh upon you.
Beogh smites you!
You die...

#.#.## #.#.##.#
##.## ##.#.##.# #.#
#.......# #.#
#.##.##.# #.#
##.##.##.# #.#
#.....##.# #..
#..#####.# ##.
#........# .
#@######## . #.#
#.. #.# .##..####o#
....ooo.o.########
.#########ยง.rho..#
####o.... ... .


You could see an orc priest and an orc.

Vanquished Creatures
  A two-headed ogre (D:8)
  The ghost of Pawles22 the Fighter, a novice MiMo (D:7)
  Grinder (D:4)
  Eustachio (D:4)
  2 wargs (D:8)
  The ghost of Saeniel the Digger, an amateur GrEE (D:3)
  An orc warrior (D:4)
  2 ice beasts
  2 sky beasts
  Purgy (D:4)
  A centaur (D:6)
  2 big kobolds (D:6)
  A bullfrog (D:6)
  A water moccasin skeleton (D:4)
  5 electric eels (D:6)
  7 wights
  A howler monkey (D:6)
  4 crimson imps
  2 hounds
  4 orc wizards
  Crazy Yiuf (D:3)
  3 bullfrog skeletons
  An iguana (D:6)
  Natasha (D:3)
  6 worker ants
  A hound zombie (D:7)
  Robin (D:3)
  5 gnolls
  12 adders
  A shadow imp (D:5)
  An ooze (D:2)
  An adder skeleton (D:4)
  2 dart slugs
  4 worms
  4 leopard geckos
  19 orcs
  7 bats
  A giant cockroach (D:2)
  15 goblins
  10 hobgoblins
  5 jackals
  51 kobolds
  6 quokkas
  2 ball pythons
  3 frilled lizards
  A jackal skeleton (D:7)
  A leopard gecko skeleton (D:4)
  9 rats
215 creatures vanquished.

Vanquished Creatures (collateral kills)
  2 big kobolds (D:6)
  A bullfrog (D:7)
  A bullfrog skeleton (D:5)
  An adder (D:4)
  An orc (D:4)
  3 kobolds (D:6)
9 creatures vanquished.

Grand Total: 224 creatures vanquished

Notes
Turn   | Place    | Note
-------+----------+-------------------------------------------
     0 | D:1      | jerryfan the Gnoll Arcane Marksman began the quest for the Orb.
     0 | D:1      | Reached XP level 1. HP: 17/17 MP: 4/4
   231 | D:1      | Reached XP level 2. HP: 22/23 MP: 5/5
   860 | D:2      | Reached XP level 3. HP: 22/28 MP: 7/7
   882 | D:2      | Learned a level 3 spell: Inner Flame
   885 | D:2      | Learned a level 2 spell: Slow
  1068 | D:2      | Reached skill level 1 in Invocations
  1235 | D:2      | Reached skill level 1 in Short Blades
  1235 | D:2      | Reached skill level 1 in Long Blades
  1235 | D:2      | Reached skill level 1 in Axes
  1235 | D:2      | Reached skill level 1 in Maces & Flails
  1235 | D:2      | Reached skill level 1 in Polearms
  1235 | D:2      | Reached skill level 1 in Staves
  1235 | D:2      | Reached skill level 1 in Slings
  1235 | D:2      | Reached skill level 1 in Crossbows
  1235 | D:2      | Reached skill level 1 in Throwing
  1235 | D:2      | Reached skill level 1 in Armour
  1235 | D:2      | Reached skill level 1 in Stealth
  1235 | D:2      | Reached skill level 1 in Shields
  1235 | D:2      | Reached skill level 1 in Unarmed Combat
  1235 | D:2      | Reached skill level 1 in Evocations
  1443 | D:2      | Reached XP level 4. HP: 25/34 MP: 5/8
  1769 | D:3      | Reached skill level 1 in Conjurations
  1769 | D:3      | Reached skill level 1 in Charms
  1769 | D:3      | Reached skill level 1 in Summonings
  1769 | D:3      | Reached skill level 1 in Necromancy
  1769 | D:3      | Reached skill level 1 in Translocations
  1769 | D:3      | Reached skill level 1 in Transmutations
  1769 | D:3      | Reached skill level 1 in Fire Magic
  1769 | D:3      | Reached skill level 1 in Ice Magic
  1769 | D:3      | Reached skill level 1 in Air Magic
  1769 | D:3      | Reached skill level 1 in Earth Magic
  1769 | D:3      | Reached skill level 1 in Poison Magic
  1769 | D:3      | Reached XP level 5. HP: 31/40 MP: 3/9
  2122 | D:3      | Noticed Saeniel's ghost (amateur GrEE)
  2187 | D:3      | Killed Saeniel's ghost
  2187 | D:3      | Reached XP level 6. HP: 36/47 MP: 5/11
  2374 | D:3      | Noticed Natasha
  2388 | D:3      | Killed Natasha
  2557 | D:3      | Noticed Robin
  2571 | D:3      | Killed Robin
  2571 | D:3      | Reached skill level 5 in Bows
  2571 | D:3      | Reached skill level 5 in Dodging
  3020 | D:3      | Noticed a sky beast
  3076 | D:3      | Killed a sky beast
  3122 | D:3      | Found a shattered altar of Ashenzari.
  3266 | D:3      | Found a runed door.
  3270 | D:3      | Noticed Crazy Yiuf
  3283 | D:3      | Killed Crazy Yiuf
  3283 | D:3      | Reached XP level 7. HP: 52/52 MP: 10/12
  3511 | D:4      | Learned a level 2 spell: Sticks to Snakes
  3519 | D:4      | Noticed Purgy
  3547 | D:4      | Killed Purgy
  3557 | D:4      | Noticed Grinder
  3564 | D:4      | Found Cisuixt's Weapon Emporium.
  3565 | D:4      | Bought 19 arrows for 41 gold pieces
  3565 | D:4      | Bought 14 arrows for 30 gold pieces
  3852 | D:4      | Paralysed by Grinder for 4 turns
  3880 | D:4      | Killed Grinder
  3926 | D:4      | Reached XP level 8. HP: 60/60 MP: 1/14
  4121 | D:4      | Reached skill level 6 in Hexes
  4578 | D:4      | Found Veerout's Gadget Shop.
  4585 | D:4      | Bought a wand of polymorph (8) for 130 gold pieces
  4635 | D:4      | Found Piobufoo's Weapon Emporium.
  4654 | D:4      | Noticed Eustachio
  4663 | D:4      | Killed Eustachio
  4823 | D:5      | Entered Level 5 of the Dungeon
  5377 | D:5      | Found a burning altar of Makhleb.
  5383 | D:5      | Became a worshipper of Makhleb the Destroyer
  5927 | D:6      | Got a pair of distressingly furry gloves
  5928 | D:6      | Identified the +1 pair of gloves of the Lotus Blossom {*Slow +Fly Dex+3 Slay+6} (You found it on level 6 of the Dungeon)
  6164 | D:6      | Found a glowing golden altar of the Shining One.
  6210 | D:6      | Reached XP level 9. HP: 50/66 MP: 2/16
  6457 | D:6      | Reached * piety under Makhleb
  6876 | D:6      | Reached skill level 5 in Spellcasting
  7092 | D:6      | Reached ** piety under Makhleb
  7201 | D:6      | Reached skill level 5 in Fighting
  7791 | D:7      | Found a sparkling altar of Nemelex Xobeh.
  7798 | D:7      | Found a staircase to the Ecumenical Temple.
  8001 | D:7      | Found a glowing golden altar of the Shining One.
  8056 | D:7      | Noticed Pawles22's ghost (novice MiMo)
  8109 | D:7      | Killed Pawles22's ghost
  8109 | D:7      | Reached skill level 5 in Invocations
  8195 | D:7      | Reached XP level 10. HP: 68/74 MP: 6/18
  8217 | D:7      | Found an iron altar of Okawaru.
  8613 | D:8      | Noticed a two-headed ogre
  8638 | D:8      | Killed a two-headed ogre
  8638 | D:8      | Reached skill level 5 in Short Blades
  8638 | D:8      | Reached skill level 5 in Long Blades
  8638 | D:8      | Reached skill level 5 in Axes
  8638 | D:8      | Reached skill level 5 in Maces & Flails
  8638 | D:8      | Reached skill level 5 in Polearms
  8638 | D:8      | Reached skill level 5 in Staves
  8638 | D:8      | Reached skill level 5 in Slings
  8638 | D:8      | Reached skill level 5 in Crossbows
  8638 | D:8      | Reached skill level 5 in Throwing
  8638 | D:8      | Reached skill level 5 in Armour
  8638 | D:8      | Reached skill level 5 in Stealth
  8638 | D:8      | Reached skill level 5 in Shields
  8638 | D:8      | Reached skill level 5 in Unarmed Combat
  8638 | D:8      | Reached skill level 5 in Evocations
  8816 | D:8      | Reached skill level 7 in Hexes
  8825 | D:8      | Killed from afar by an orc priest

Vault maps used:
D:1:      scummos_arrival_simple_crosswalls, hangedman_feature_mirror
D:2:      first_ration
D:3:      nicolae_overflow_hidden_temple, uniq_robin, uniq_natasha,
          uniq_crazy_yiuf_cottage
D:4:      serial_shops, shop, kennysheep_mini, shop, uniq_grinder, uniq_purgy,
          uniq_eustachio
D:5:      marbit_many_paths
D:6:      minmay_goblin_kobold_castle, tso_metal_star
D:7:      okawaru_trees_2, nicolae_overflow_crystal_walls,
          overflow_temple_1_default, minmay_temple_entry_hall, minivault_14
D:8:      erik_lair_orcish_takeover, serial_shops,
          nicolae_shop_overgrown_old_shop, blue_anna_alchemist, minivault_24

Skill      XL: |  1  2  3  4  5  6  7  8  9 10 |
---------------+-------------------------------+-----
Invocations    | 1 2 3 4 5 |  5.5
Short Blades   | 1 2 3 4 5 |  5.0
Long Blades    | 1 2 3 4 5 |  5.0
Axes           | 1 2 3 4 5 |  5.0
Maces & Flails | 1 2 3 4 5 |  5.0
Polearms       | 1 2 3 4 5 |  5.0
Staves         | 1 2 3 4 5 |  5.0
Slings         | 1 2 3 4 5 |  5.0
Crossbows      | 1 2 3 4 5 |  5.0
Throwing       | 1 2 3 4 5 |  5.0
Armour         | 1 2 3 4 5 |  5.0
Stealth        | 1 2 3 4 5 |  5.0
Shields        | 1 2 3 4 5 |  5.0
Unarmed Combat | 1 2 3 4 5 |  5.0
Evocations     | 1 2 3 4 5 |  5.0
Spellcasting   | 3 4 5 |  5.8
Conjurations   | 1 2 3 4 |  4.2
Charms         | 1 2 3 4 |  4.2
Summonings     | 1 2 3 4 |  4.2
Necromancy     | 1 2 3 4 |  4.2
Translocations | 1 2 3 4 |  4.2
Transmutations | 1 2 3 4 |  4.2
Fire Magic     | 1 2 3 4 |  4.2
Ice Magic      | 1 2 3 4 |  4.2
Air Magic      | 1 2 3 4 |  4.2
Earth Magic    | 1 2 3 4 |  4.2
Poison Magic   | 1 2 3 4 |  4.2
Fighting       | 3 4 5 |  5.7
Bows           | 5 6 |  6.9
Dodging        | 5 6 |  6.9
Hexes          | 6 7 |  7.0

Action                   |  1- 3 |  4- 6 |  7- 9 | 10-12 || total
-------------------------+-------+-------+-------+-------++-------
Melee: Short sword       |     2 |    49 |       |       ||    51
       Bite              |       |    12 |     4 |       ||    16
       Punch             |       |     1 |       |       ||     1
       Mace              |       |       |    52 |       ||    52
       Quarterstaff      |       |       |    16 |     1 ||    17
 Fire: Shortbow          |    94 |   111 |   197 |    14 ||   416
       Hunting sling     |       |    24 |       |       ||    24
Throw: Tomahawk          |       |     4 |    11 |       ||    15
       Stone             |       |       |     7 |       ||     7
 Cast: Slow              |     2 |    21 |    14 |       ||    37
       Inner Flame       |       |    12 |    51 |     8 ||    71
       Corona            |       |     3 |     2 |       ||     5
       Sticks to Snakes  |       |       |    51 |     6 ||    57
Invok: Minor Destruction |       |       |       |     3 ||     3
 Abil: Evoke Flight      |       |       |     1 |       ||     1
  Use: Scroll            |     1 |     1 |     9 |     2 ||    13
       Potion            |     1 |       |       |     1 ||     2
 Stab: Distracted        |       |       |     1 |       ||     1
  Eat: Chunk             |     1 |     8 |    13 |     1 ||    23
       Ration            |       |       |     3 |       ||     3
Armor: Robe              |     7 |    15 |    50 |     2 ||    74
       Leather armour    |       |       |       |     1 ||     1
Dodge: Dodged            |    23 |    75 |   237 |     7 ||   342

Table legend:
 A = Spawn XP
 B = Non-spawn XP
 C = Spawn XP percentage of total XP
 D = Spawn monster count
 E = Non-spawn monster count
 F = Spawn count percentage of total count
 G = Total turns spent on level
                    A         B        C        D         E        F      G
               +---------+---------+-------+---------+---------+-------+---------
         Total |       0 |    6108 |   0.0 |       0 |     223 |   0.0 |  8825
               +---------+---------+-------+---------+---------+-------+---------
           D:1 |       0 |      30 |   0.0 |       0 |      16 |   0.0 |   841
           D:2 |       0 |      93 |   0.0 |       0 |      24 |   0.0 |   924
           D:3 |       0 |     534 |   0.0 |       0 |      40 |   0.0 |  1721
           D:4 |       0 |    1028 |   0.0 |       0 |      28 |   0.0 |  1337
           D:5 |       0 |     463 |   0.0 |       0 |      15 |   0.0 |   888
           D:6 |       0 |    1477 |   0.0 |       0 |      79 |   0.0 |  2255
           D:7 |       0 |    1197 |   0.0 |       0 |      14 |   0.0 |   611
           D:8 |       0 |    1286 |   0.0 |       0 |       7 |   0.0 |   248
               +---------+---------+-------+---------+---------+-------+---------
